AoeStats
← POPE

Oasis

509704835Analyzed
2v2 RM · 6d ago on Sep 27, 2026· 55m 1s· 4 players
Game mode
Random Map
Map size
Medium (4 player)
Population
200
Speed
Normal
Resources
Standard
Victory
Conquest
Starting age
Dark Age
Ending age
Imperial Age
RankedLock teamsTeams togetherTeam positionsShared explorationLock speedFull tech treeHidden civsTurbo modeCheats
Victory
Defeat
🇺🇸 Burgundians · United States
889
+14
🇺🇸 Persians · United States
889
+18
🇪🇸 Romans · Spain
904
-16
🇪🇸 Danes · Spain
798
-12
Yaguito
11:10 Feudal Age
12:25 Loom
15:41 Castle Age
13:41 Double-Bit Axe
16:04 Horse Collar
19:08 Stone Mining
23:36 Gold Mining
25:59 Scale Mail Armor
26:13 Forging
25:33 Pikeman
26:13 Squires
27:20 Chain Mail Armor
27:38 Man-at-Arms
29:50 Iron Casting
30:29 Town Watch
31:19 Wheelbarrow
32:25 Town Patrol
33:59 Gold Shaft Mining
37:32 Imperial Age
39:51 Hoardings
40:32 Hand Cart
42:07 Conscription
41:58 Heavy Plow
43:27 Fervor
43:28 Hamask
43:33 Onager
45:35 Halberdier
46:02 Arson
45:38 Elite Varangian Guard
46:06 Siege Onager
48:03 Long Swordsman
48:28 Gambesons
48:48 Elite Jomsviking
51:18 Masonry
51:49 Bow Saw
53:57 Plate Mail Armor
54:28 Blast Furnace
53:19 Fletching
53:29 Padded Archer Armor
53:35 Scale Barding Armor
54:02 Northmen's Fury
trancas
5:44 Loom
11:04 Feudal Age
11:36 Double-Bit Axe
13:32 Horse Collar
20:02 Castle Age
21:09 Heavy Plow
21:25 Bow Saw
22:05 Pikeman
25:14 Gold Mining
26:56 Gold Shaft Mining
28:09 Ballistas
30:49 Imperial Age
28:42 Ballistics
29:43 Wheelbarrow
29:30 Fletching
30:36 Squires
30:43 Scale Mail Armor
31:21 Forging
33:02 Crop Rotation
32:29 Bodkin Arrow
34:31 Chemistry
33:34 Padded Archer Armor
33:43 Halberdier
34:38 Heavy Scorpion
37:15 Iron Casting
36:56 Chain Mail Armor
37:44 Leather Archer Armor
36:56 Halberdier
39:04 Blast Furnace
39:06 Fortified Wall
39:05 Scale Barding Armor
44:02 Ring Archer Armor
44:06 Hand Cart
45:03 Fervor
49:14 Ballistas
49:30 Murder Holes
50:28 Onager
PixieDustandFairyPowers
5:42 Loom
10:11 Feudal Age
10:34 Double-Bit Axe
10:32 Horse Collar
11:47 Wheelbarrow
12:45 Town Watch
13:32 Gold Mining
21:20 Castle Age
20:28 Stone Mining
20:54 Forging
20:45 Scale Mail Armor
21:51 Town Patrol
22:14 Hand Cart
23:10 Gold Shaft Mining
23:53 Stone Shaft Mining
23:08 Pikeman
24:16 Heavy Plow
25:51 Arson
25:29 Man-at-Arms
25:55 Gambesons
26:11 Squires
26:07 Fletching
29:26 Bow Saw
33:03 Imperial Age
31:40 Long Swordsman
32:58 Iron Casting
32:39 Chain Mail Armor
32:30 Scale Barding Armor
32:20 Bodkin Arrow
32:54 Cavalier
33:36 Husbandry
33:47 Bloodlines
33:01 Light Cavalry
34:29 Hoardings
34:15 Conscription
35:01 Halberdier
36:14 Heavy Camel Rider
37:48 Kamandaran
39:31 Blast Furnace
39:01 Plate Mail Armor
38:52 Chain Barding Armor
39:59 Savar
41:03 Citadels
41:00 Hussar
46:41 Elite War Elephant
51:14 Plate Barding Armor
50:05 Crossbowman
50:52 Thumb Ring
51:15 Parthian Tactics
50:11 Elite Skirmisher
50:56 Padded Archer Armor
54:00 Caravan
POPE
11:20 Feudal Age
10:34 Loom
12:27 Wheelbarrow
17:56 Double-Bit Axe
17:54 Horse Collar
22:29 Castle Age
20:49 Scale Barding Armor
20:55 Gold Mining
21:44 Forging
22:13 Fletching
23:32 Padded Archer Armor
23:04 Light Cavalry
23:49 Squires
23:53 Husbandry
23:20 Cavalier
24:52 Bow Saw
24:46 Heavy Plow
27:56 Town Watch
28:27 Hand Cart
29:17 Gold Shaft Mining
31:04 Stone Mining
31:36 Chain Barding Armor
31:20 Pikeman
35:25 Padded Archer Armor
35:20 Bodkin Arrow
36:34 Guilds
40:46 Imperial Age
39:33 Iron Casting
39:29 Scale Mail Armor
39:44 Leather Archer Armor
38:54 Man-at-Arms
41:38 Chain Mail Armor
42:28 Chemistry
41:52 Ballistics
41:24 Guard Tower
41:45 Masonry
42:18 Paladin
42:19 Hussar
43:23 Town Patrol
44:01 Stone Shaft Mining
44:30 Two-Man Saw
44:04 Crop Rotation
43:55 Burgundian Vineyards
44:13 Conscription
43:40 Elite Coustillier
44:33 Treadmill Crane
46:42 Hoardings
46:05 Capped Ram
46:30 Halberdier
47:32 Bracer
48:12 Bombard Tower
48:14 Fortified Wall
53:41 Keep
52:52 Arrowslits
55:33 Plate Barding Armor
55:59 Blast Furnace
55:30 Plate Mail Armor
Connection lost

Rejoining the realm…

Still unreachable

The connection could not be restored.

Session expired

The server has moved on; the page needs a fresh start.